 Dungeon Crawl Stone Soup version 0.20-a0-208-g55166f7 (webtiles) character file.

0 deepsabbath the Firebug (level 1, -2/10 HPs)
             Began as a Deep Elf Fire Elementalist on Nov 25, 2016.
             Slain by an adder (4 damage)
             ... on level 2 of the Dungeon.
             The game lasted 00:01:33 (202 turns).

deepsabbath the Firebug (Deep Elf Fire Elementalist) Turns: 202, Time: 00:01:34

Health: -2/10      AC:  2    Str:  5    XL:     1   Next: 8%
Magic:  6/6        EV: 13    Int: 19    God:
Gold:   0          SH:  0    Dex: 15    Spells: 5/6 levels left

rFire  . . .     SeeInvis .     d - +0 club
rCold  . . .     Gourm    .     a - +0 robe
rNeg   . . .     Faith    .     (no shield)
rPois  .         Spirit   .     (no helmet)
rElec  .         Reflect  .     (no cloak)
rCorr  .         Harm     .     (no gloves)
MR     .....                    (no boots)
Stlth  ++........               (no amulet)
                                (no ring)
                                (no ring)

@: no status effects
A: no striking features
a: no special abilities


You were on level 2 of the Dungeon.
You were not hungry.

You visited 1 branch of the dungeon, and saw 2 of its levels.

Inventory:

Hand Weapons
 d - a +0 club (weapon)
   (You found it on level 2 of the Dungeon)
Armour
 a - a +0 robe (worn)
Books
 b - a book of Flames
Comestibles
 c - a bread ration {@e1}


   Skills:
 * Level 0.0 Maces & Flails
 + Level 2.5 Dodging
 - Level 2.4 Stealth
 - Level 3.0 Spellcasting
 - Level 1.1 Conjurations
 - Level 3.2 Fire Magic


You had 5 spell levels left.
You knew the following spells:

 Your Spells              Type           Power        Failure   Level  Hunger
a - Flame Tongue          Conj/Fire      ##...        10%         1    None


Dungeon Overview and Level Annotations

Branches:
Dungeon (2/15)

Altars:


Message History

Welcome, deepsabbath the Deep Elf Fire Elementalist.
The bosom of this dungeon contains the fabled artefact, the Orb of Zot.
Found a staircase leading out of the dungeon.
The goblin shouts!
You open the gate.
There is an open gate here.
You open the huge gate.
A goblin and a hobgoblin come into view.
The hobgoblin shouts!
There is a huge open gate here.
The goblin shouts!
A bat comes into view.
The bat hits you but does no damage. The bat hits you.
You take 1 damage, and have 9/10 hp.
The bat closely misses you.
Found a stone staircase leading down.
The bat hits you but does no damage. The bat barely misses you.
The bat completely misses you. The bat barely misses you.
The bat hits you but does no damage. The bat closely misses you.
There is a stone staircase leading down here.
The bat closely misses you.
You climb downwards. 2 kobolds come into view.
There is a stone staircase leading up here.
The kobold shouts!
You see here a club.
d - a club Wield which item (- for none, * to show all)? (? for menu, Esc to quit)
d - a +0 club (weapon)
A kobold is nearby!
A kobold is nearby!
You closely miss the kobold. The kobold hits you.
You take 3 damage, and have 6/10 hp.
MASSIVE DAMAGE!!
You closely miss the kobold. The kobold closely misses you.
You closely miss the kobold. The kobold misses you. x2
You closely miss the kobold. The kobold hits you.
* * * LOW HITPOINT WARNING * * *
You take 3 damage, and have 3/10 hp.
MASSIVE DAMAGE!!
The kobold hits you.
* * * LOW HITPOINT WARNING * * *
You take 4 damage, and have 1/10 hp.
MASSIVE DAMAGE!!
A rat comes into view.
You hit the rat.
You kill the rat!
You see here a rat corpse.
The kobold hits you but does no damage.
An adder comes into view.
You see here 10 gold pieces.
The adder hisses angrily.
The kobold throws a stone.
The stone hits you.
* * * LOW HITPOINT WARNING * * *
You see here a stone.
You take 1 damage, and have 1/10 hp.
The kobold throws a stone.
The stone barely misses you. The adder closely misses you.
You aren't carrying any potions.
Okay, then.
You barely miss the adder. The adder closely misses you. x2
You hit the adder. The adder misses you. The adder bites you.
You die...

#.###.#### #.#
..#.K......# #.#
......K$##.# #.#
.....##....# #.#
.....##.(### #.#
........<.(# #.#
......#K#.# #.#
..........#####†##
...##.....KS@....#
#.. #####.#####.##
## #...K...#
#.####### #.# #.#
#.# #.#


You could see an adder and 2 kobolds.

Vanquished Creatures
  A rat (D:2)
1 creature vanquished.

Notes
Turn   | Place    | Note
-------+----------+-------------------------------------------
     0 | D:1      | deepsabbath the Deep Elf Fire Elementalist began the quest for the Orb.
     0 | D:1      | Reached XP level 1. HP: 10/10 MP: 6/6
   159 | D:2      | HP: 1/10 [kobold (4)]
   194 | D:2      | HP: 1/10 [kobold/stone (1)]
   202 | D:2      | Slain by an adder

Vault maps used:
D:1:      lordsloth_arrival_two_stooges
D:2:      nicolae_overflow_crystal_walls, first_bread

Action                   || total
-------------------------++-------
Melee: Club              ||     7
Armor: Robe              ||     4
Dodge: Dodged            ||    14

Vault maps used:
D:1:      lordsloth_arrival_two_stooges
D:2:      nicolae_overflow_crystal_walls, first_bread

Table legend:
 A = Turns spent in this place as a percentage of turns spent in the entire game.
 B = Non-inter-level travel turns spent in this place as a percentage of non-inter-level travel turns spent in the entire game.
 C = Inter-level travel turns spent in this place as a percentage of turns spent in this place.
 D = Turns resting spent in this place as a percentage of non-inter-level travel turns spent in this place.
 E = Turns spent auto-exploring this place as a percentage of non-inter-level travel turns spent in this place.
 F = Non-inter-level travel turns spent in this place divided by the number of levels of this place that you've seen.
                   A       B       C       D       E      F
               +-------+-------+-------+-------+-------+----------------------
         Total | 100.0 | 100.0 |   0.0 |   0.0 |   0.0 | 103.5
       Dungeon | 100.0 | 100.0 |   0.0 |   0.0 |   0.0 | 103.5
               +-------+-------+-------+-------+-------+----------------------

Table legend:
 A = Kills in this place as a percentage of kills in entire the game.
 B = Kills by you in this place as a percentage of kills by you in the entire game.
 C = Kills by friends in this place as a percentage of kills by friends in the entire game.
 D = Other kills in this place as a percentage of other kills in the entire game.
 E = Experience gained in this place as a percentage of experience gained in the entire game.
 F = Experience gained in this place divided by the number of levels of this place that you have seen.
                   A       B       C       D       E      F
               +-------+-------+-------+-------+-------+----------------------
         Total | 100.0 | 100.0 |  -nan |  -nan | 100.0 |   0.5
       Dungeon | 100.0 | 100.0 |  -nan |  -nan | 100.0 |   0.5
               +-------+-------+-------+-------+-------+----------------------
